 Dungeon Crawl Stone Soup version 0.28-a0-1518-gbe868bca14 (webtiles) character file.

Game seed: 15216363421229972548

925 comborobin the Covert (level 8, -1/67 HPs)
             Began as a Gnoll Delver on Jan 17, 2022.
             Engulfed by a steam dragon's steam (7 damage)
             ... on level 5 of the Dungeon.
             The game lasted 00:04:11 (2571 turns).

comborobin the Covert (Gnoll Delver)                Turns: 2571, Time: 00:04:12

Health: -1/67      AC:  3    Str: 12    XL:     8   Next: 10%
Magic:  12/12      EV: 13    Int: 12    God:
Gold:   118        SH:  0    Dex: 13    Spells: 13/13 levels left

rFire   . . .      SeeInvis .   a - +2 flail (holy)
rCold   + . .      Faith    .   (no shield)
rNeg    . . .      Spirit   .   e - +0 leather armour {rC+}
rPois   .          Reflect  .   (no helmet)
rElec   .          Harm     .   (no cloak)
rCorr   .          Rampage  .   (no gloves)
Will    .....                   (no boots)
Stlth   ++++......              (no amulet)
HPRegen 0.21/turn               (no ring)
MPRegen 0.13/turn               (no ring)

@: no status effects
A: fangs 1, strong nose, distributed training
a: no special abilities


You were on level 5 of the Dungeon.
You visited 1 branch of the dungeon, and saw 2 of its levels.

You collected 118 gold pieces.

Inventory:

Hand Weapons
 a - a +2 flail of holy wrath (weapon)
 b - a +0 halberd
 d - a +0 whip of flaming
 f - a +0 mace
Armour
 e - a +0 leather armour of cold resistance (worn)
 m - a +0 leather armour
Jewellery
 o - a +6 ring of strength
Wands
 g - a wand of digging (1)
 h - a wand of charming (1)
Scrolls
 c - 2 scrolls of fog
 i - 2 scrolls of teleportation {unknown}
 j - a scroll of identify {unknown}
 k - a scroll of holy word {unknown}
 l - a scroll of magic mapping
Potions
 n - a potion of attraction


   Skills:
 + Level 7.2 Fighting
 + Level 3.0 Short Blades
 + Level 3.0 Long Blades
 + Level 3.0 Axes
 + Level 5.5 Maces & Flails
 + Level 3.0 Polearms
 + Level 3.0 Staves
 + Level 3.0 Slings
 + Level 3.0 Bows
 + Level 3.0 Crossbows
 + Level 3.0 Throwing
 + Level 3.0 Armour
 + Level 5.5 Dodging
 + Level 10.0 Stealth
 + Level 3.0 Shields
 + Level 3.0 Unarmed Combat
 + Level 3.0 Spellcasting
 + Level 2.4 Conjurations
 + Level 2.4 Hexes
 + Level 2.4 Summonings
 + Level 2.4 Necromancy
 + Level 2.4 Translocations
 + Level 2.4 Transmutations
 + Level 2.4 Fire Magic
 + Level 2.4 Ice Magic
 + Level 2.4 Air Magic
 + Level 2.4 Earth Magic
 + Level 2.4 Poison Magic
 + Level 3.2 Invocations
 + Level 3.0 Evocations


You had 13 spell levels left.
You didn't know any spells.
Your spell library contained the following spells:

 Spells                   Type           Power      Damage    Failure   Level
 Iskenderun's Battlesphe  Conj           7%         2d6       97%         5
 Iron Shot                Conj/Erth      3%         9d2       100%        6
 Spellforged Servitor     Conj/Summ      3%         N/A       100%        7


Dungeon Overview and Level Annotations

Branches:
Dungeon (5/15)
 Temple: D:4-7

Altars:
Qazlal
Sif Muna

Annotations:
D:5 exclusions: 2 doors and 2 more exclusions


Innate Abilities, Weirdness & Mutations

You have very sharp teeth.
Your uncanny sense of smell can sniff out nearby items.
Your experience applies equally to all skills.


Message History

The steam dragon is moderately wounded.
The steam dragon bites you. The steam dragon claws you.
You hit the steam dragon but do no damage.
The steam dragon is moderately wounded.
The steam dragon barely misses you. The steam dragon claws you.
You sock the steam dragon!
The steam dragon is heavily wounded.
The steam dragon bites you. The steam dragon misses you.
You hit the steam dragon.
The steam dragon is severely wounded.
The steam dragon breathes steam at you. The ball of steam hits you!
* * * LOW HITPOINT WARNING * * *
The steam dragon breathes steam at you. The ball of steam hits you!
* * * LOW HITPOINT WARNING * * *
Unknown command.
Okay, then.
Okay, then.
Aiming: Charm
Press: ? - help, Shift-Dir - straight line, f - steam dragon
Aim: a steam dragon (severely wounded, chance to affect: 56%)
The steam dragon resists with significant effort.
The steam dragon bites you.
* * * LOW HITPOINT WARNING * * *
The steam dragon closely misses you.
Aiming: Charm
Press: ? - help, Shift-Dir - straight line, f/p - steam dragon
Aim: a steam dragon (heavily wounded, chance to affect: 56%)
The steam dragon resists with significant effort.
The steam dragon breathes steam at you. The ball of steam misses you.
Unknown command.
Okay, then.
Aiming: Charm
Press: ? - help, Shift-Dir - straight line, f/p - steam dragon
Aim: a steam dragon (heavily wounded, catching its breath, chance to affect: 56%)
The steam dragon is charmed.
You are engulfed in a cloud of scalding steam.
You die...

#.... .. #.≈.^.## #... #....
#.##≈≈.≈PP## #...
#....#######.#≈P....P.# #...
#..........#.#≈≈....^.# #...
#..........#.##.....^.# #...
#..........#...≈P..^≈## ###.
##........#..###.≈^## #.
#.....§.§#.D..###### #.
#.....§.§..@#§....<# #.
#.........§.#####(.########.
######......#...............
#......#...............
#......#...............
#......######..###....#
#......+.......###....+
#......#######..##....#
#......# ##.#.....#


You could see a friendly steam dragon (charmed, catching breath).

Vanquished Creatures
  Pikel (D:5)
  Menkaure (D:5)
  Edmund (D:4)
  2 lemures (D:5)
  A kobold brigand (D:5)
  A howler monkey (D:5)
  An orc priest (D:4)
  2 hound skeletons (D:4)
  3 gnolls
  2 adders (D:5)
  A dart slug (D:4)
  3 orcs (D:4)
  A ball python (D:4)
  4 hobgoblins (D:4)
  9 kobolds
  2 quokkas (D:4)
35 creatures vanquished.

Vanquished Creatures (others)
  11 fungi (D:5)
11 creatures vanquished.

Grand Total: 46 creatures vanquished

Notes
Turn   | Place    | Note
-------+----------+-------------------------------------------
     0 | D:5      | Reached skill level 9 in Stealth
     0 | D:5      | comborobin the Gnoll Delver began the quest for the Orb.
     0 | D:5      | Reached XP level 1. HP: 23/23 MP: 1/1
    42 | D:5      | Noticed a steam dragon
    42 | D:5      | Noticed a steam dragon
   131 | D:4      | Found a shimmering blue altar of Sif Muna.
   205 | D:4      | Reached XP level 2. HP: 19/29 MP: 2/2
   464 | D:5      | Noticed Pikel
   465 | D:5      | Noticed a lemure
   466 | D:5      | Noticed a lemure
   467 | D:5      | Killed a lemure
   467 | D:5      | Noticed a lemure
   469 | D:5      | Killed a lemure
   471 | D:5      | Noticed a lemure
   474 | D:5      | Killed Pikel
   475 | D:5      | Reached skill level 5 in Maces & Flails
   475 | D:5      | Reached skill level 5 in Dodging
   475 | D:5      | Reached skill level 1 in Conjurations
   475 | D:5      | Reached skill level 1 in Hexes
   475 | D:5      | Reached skill level 1 in Summonings
   475 | D:5      | Reached skill level 1 in Necromancy
   475 | D:5      | Reached skill level 1 in Translocations
   475 | D:5      | Reached skill level 1 in Transmutations
   475 | D:5      | Reached skill level 1 in Fire Magic
   475 | D:5      | Reached skill level 1 in Ice Magic
   475 | D:5      | Reached skill level 1 in Air Magic
   475 | D:5      | Reached skill level 1 in Earth Magic
   475 | D:5      | Reached skill level 1 in Poison Magic
   475 | D:5      | Reached XP level 3. HP: 32/35 MP: 2/6
   475 | D:5      | Reached XP level 4. HP: 38/41 MP: 2/7
   475 | D:5      | Reached XP level 5. HP: 43/47 MP: 2/8
   475 | D:5      | Reached XP level 6. HP: 49/53 MP: 2/9
   475 | D:5      | Reached XP level 7. HP: 54/59 MP: 2/10
   606 | D:5      | Noticed Menkaure
   610 | D:5      | Killed Menkaure
   642 | D:5      | Reached skill level 10 in Stealth
  1167 | D:4      | Noticed Edmund
  1696 | D:4      | Killed Edmund
  1697 | D:4      | Reached XP level 8. HP: 26/67 MP: 12/12
  2211 | D:4      | Found a stormy altar of Qazlal.
  2571 | D:5      | Engulfed by a steam dragon's steam

Illustrated notes

Levels and vault maps discovered:
D:4:      layout_loops_ring, lemuel_tele_altar, led_sif_pool, uniq_edmund
D:5:      kennysheep_steamy, layout_basic, uniq_pikel, uniq_menkaure

Skill      XL: |  1  2  3  4  5  6  7  8 |
---------------+-------------------------+-----
Stealth        | 10 | 10.0
Short Blades   | 2 3 |  3.0
Long Blades    | 2 3 |  3.0
Axes           | 2 3 |  3.0
Maces & Flails | 5 |  5.5
Polearms       | 2 3 |  3.0
Staves         | 2 3 |  3.0
Slings         | 2 3 |  3.0
Bows           | 2 3 |  3.0
Crossbows      | 2 3 |  3.0
Throwing       | 2 3 |  3.0
Armour         | 2 3 |  3.0
Dodging        | 5 |  5.5
Shields        | 2 3 |  3.0
Unarmed Combat | 2 3 |  3.0
Spellcasting   | 2 3 |  3.0
Conjurations   | 1 2 |  2.4
Hexes          | 1 2 |  2.4
Summonings     | 1 2 |  2.4
Necromancy     | 1 2 |  2.4
Translocations | 1 2 |  2.4
Transmutations | 1 2 |  2.4
Fire Magic     | 1 2 |  2.4
Ice Magic      | 1 2 |  2.4
Air Magic      | 1 2 |  2.4
Earth Magic    | 1 2 |  2.4
Poison Magic   | 1 2 |  2.4
Invocations    | 2 3 |  3.2
Evocations     | 2 3 |  3.0
Fighting       | 7 |  7.2

Action                   |  1- 3 |  4- 6 |  7- 9 || total
-------------------------+-------+-------+-------++-------
Melee: Mace              |    18 |       |       ||    18
       Bite              |     2 |       |    12 ||    14
       Whip              |       |       |    88 ||    88
       Halberd           |       |       |    18 ||    18
       Flail             |       |       |    34 ||    34
       Punch             |       |       |     2 ||     2
Evoke: Wand              |     7 |       |     4 ||    11
  Use: Potion            |     1 |       |     2 ||     3
       Scroll            |     1 |       |     1 ||     2
 Stab: Sleeping          |     2 |       |     3 ||     5
       Distracted        |       |       |     1 ||     1
Armor: Leather armour    |     3 |       |    21 ||    24
Dodge: Dodged            |     8 |       |    88 ||    96

Table legend: (Time is in decaauts)
 A = Elapsed time spent in this place.
 B = Non-inter-level travel time spent in this place.
 C = Inter-level travel time spent in this place.
 D = Time resting spent in this place.
 E = Time spent auto-exploring this place.
 F = Levels seen in this place.
 G = Mean time per level.
                   A        B        C        D        E       F      G
               +--------+--------+--------+--------+--------+-----+--------+
         Total |   2556 |   2465 |     91 |    883 |   1040 |   2 | 1278.0 |
       Dungeon |   2556 |   2465 |     91 |    883 |   1040 |   2 | 1278.0 |
               +--------+--------+--------+--------+--------+-----+--------+

Top non-repeatable levels by time:
     D:4: 1600 daAuts
     D:5: 956 daAuts
